 Dungeon Crawl Stone Soup version 0.24-a0-317-g5cb8de4 (webtiles) character file.

Game seed: 14394013112932977745

4482 nikopol the Thaumaturge (level 10, 0/52 HPs)
             Began as a Deep Elf Fire Elementalist on May 16, 2019.
             Slain by a gnoll sergeant
             ... wielding a +0 glaive
              (14 damage)
             ... in a bailey.
             The game lasted 00:29:56 (9422 turns).

nikopol the Thaumaturge (DEFE)                      Turns: 9422, Time: 00:29:57

Health: 0/52       AC:  9    Str:  5    XL:     10   Next: 16%
Magic:  0/27       EV: 14    Int: 24    God:
Gold:   189        SH:  0    Dex: 15    Spells: 16/31 levels left

rFire    . . .     SeeInvis .   f - +0 dagger
rCold    + . .     Gourm    +   (no shield)
rNeg     . . .     Faith    .   D - +2 robe {MR+}
rPois    +         Spirit   .   F - +1 hat {MR+}
rElec    .         Reflect  .   q - +0 cloak {+Inv}
rCorr    .         Harm     .   y - +2 pair of gloves
MR       +++..                  (no boots)
Stlth    +++.......             l - amulet of the gourmand
HPRegen  0.17/turn              C - ring of poison resistance
MPRegen  0.20/turn              k - ring of protection from cold

@: no status effects
A: no striking features
a: Evoke Invisibility


You were in a bailey.
You were very full.

You visited 2 branches of the dungeon, and saw 9 of its levels.
You also visited: Ossuary and Bailey.

You collected 365 gold pieces.
You spent 176 gold pieces at shops.

Inventory:

Hand Weapons
 f - a +0 dagger (weapon)
Armour
 a - a +0 robe
 q - a +0 cloak of invisibility (worn)
 y - a +2 pair of gloves (worn)
 D - a +2 robe of magic resistance (worn)
 F - a +1 hat of magic resistance (worn)
Jewellery
 k - a ring of protection from cold (right hand)
 l - an amulet of the gourmand (around neck)
 C - a ring of poison resistance (left hand)
Scrolls
 b - 9 scrolls of remove curse
 i - a scroll of enchant weapon
 j - 3 scrolls of immolation
 m - 2 scrolls of identify
 n - 2 scrolls of amnesia
 v - 7 scrolls of random uselessness
 A - 2 scrolls of magic mapping
 E - 2 scrolls of teleportation
Potions
 d - 5 potions of mutation
 e - a potion of heal wounds
 h - a potion of agility
 o - a potion of might
 s - 5 potions of degeneration
 w - 2 potions of haste
 z - 2 potions of curing
 B - 2 potions of flight
Comestibles
 c - 12 rations


   Skills:
 + Level 1.0 Fighting
 + Level 4.3 Dodging
 + Level 4.7 Stealth
 + Level 11.2 Spellcasting
 + Level 8.7 Conjurations
 + Level 9.5 Fire Magic


You had 16 spell levels left.
You knew the following spells:

 Your Spells              Type           Power        Failure   Level  Hunger
a - Flame Tongue          Conj/Fire      #####        1%          1    None
b - Throw Flame           Conj/Fire      ######       1%          2    None
c - Conjure Flame         Conj/Fire      ######..     1%          3    None
d - Sticky Flame          Conj/Fire      ######..     1%          4    None
e - Fireball              Conj/Fire      ######....   3%          5    ####...

Your spell library contained the following spells:

 Spells                   Type           Power        Failure   Level  Hunger
 Inner Flame              Hex/Fire       #####...     1%          3    None
 Dazzling Spray           Conj/Hex       ####..       2%          3    None
 Corona                   Hex            ##.....      4%          1    None
 Ensorcelled Hibernation  Hex/Ice        ##....       7%          2    None
 Confuse                  Hex            ##......     14%         3    None
 Tukima's Dance           Hex            ##......     14%         3    None
 Ice Form                 Ice/Tmut       ##......     43%         4    None
 Bolt of Cold             Conj/Ice       ####......   77%         6    #####..
 Metabolic Englaciation   Hex/Ice        ##........   78%         5    ####...
 Freezing Cloud           Conj/Ice/Air   ####......   91%         6    #####..
 Ozocubu's Refrigeration  Ice            ##........   100%        6    #####..
 Simulacrum               Ice/Necr       ##........   100%        6    #####..


Dungeon Overview and Level Annotations

Branches:
Dungeon (8/15)             Temple (1/1) D:5
   Lair: D:8-11

Altars:
Cheibriados
Dithmenos
Elyvilon
Fedhas
Hepliaklqana
Kikubaaqudgha
Makhleb
Nemelex Xobeh
Okawaru
Qazlal
Ru
Sif Muna
Trog
Uskayaw
Wu Jian
Xom
Yredelemnul
Zin
The Shining One

Shops:
D:5 (   D:7 [

Annotations:
D:4 1 runed translucent door, Anon1729's ghost, amateur NaMo


Message History

The gnoll misses you.
Casting: Flame Tongue (safe; 1% risk of failure)
Confirm with . or Enter, or press ? or * to list all spells.
Aiming: Flame Tongue (safe; 1% risk of failure)
Press: ? - help, Shift-Dir - straight line, f/p - gnoll sergeant
Aim: a gnoll sergeant, wielding a +0 glaive and wearing a +0 chain mail (severely wounded)
The flame tongue hits the gnoll sergeant.
The gnoll sergeant is almost dead.
The gnoll sergeant hits you but does no damage.
The gnoll hits you but does no damage.
You hit the gnoll sergeant but do no damage.
The gnoll sergeant is almost dead.
The gnoll sergeant barely misses you.
The gnoll hits you from afar with a +0 halberd!
* * * LOW HITPOINT WARNING * * *
You hit the gnoll sergeant but do no damage.
The gnoll sergeant is almost dead.
The gnoll closely misses you.
The gnoll sergeant hits you with a +0 glaive!
You die...

..≈≈♣♣ #..≈.♣
#..≈.♣♣ #..≈..♣
#..≈..♣ . #..≈..♣♣
.. #####..≈...♣♣
.))#...')......♣♣♣#
.))).).'.(....gg@∩#
..)#.(.').....)♣♣♣#
.. #####g.≈...♣♣ .
#..≈...♣ #..≈...♣
#..≈..♣♣ #..≈.♣♣
#..≈.♣ ..≈≈♣♣


You could see a gnoll sergeant and a gnoll.

Vanquished Creatures
  Harold (D:7)
  Pikel (D:4)
  A hungry ghost (D:7)
  A water moccasin (D:6)
  An ice beast (D:6)
  A phantom (D:7)
  A sky beast (D:6)
  4 ogres
  4 centaurs
  Blork the orc (D:6)
  2 bullfrogs
  5 gnoll sergeants (Bailey)
  3 killer bees
  6 wights
  2 howler monkeys
  A centaur zombie (Ossuary)
  4 hounds
  2 orc priests
  4 gnoll shamans (Bailey)
  2 human zombies
  Crazy Yiuf (D:2)
  Jessica (D:2)
  3 iguanas
  7 orc wizards
  5 worker ants
  2 big kobold zombies (Ossuary)
  4 mummies (Ossuary)
  8 gnolls (Bailey)
  10 adders
  3 shadow imps
  4 oozes
  3 worms (D:2)
  2 dart slugs (D:1)
  4 leopard geckos
  28 orcs
  13 bats
  6 giant cockroaches
  6 goblins
  3 hobgoblins
  9 jackals
  3 kobolds
  A quokka (D:2)
  A ball python (D:1)
  3 frilled lizards
  A gnoll zombie (Ossuary)
  A hobgoblin zombie (Ossuary)
  2 orc zombies (Ossuary)
  A quokka zombie (D:8)
  16 rats
198 creatures vanquished.

Notes
Turn   | Place    | Note
-------+----------+-------------------------------------------
     0 | D:1      | nikopol the Deep Elf Fire Elementalist began the quest for
                  | the Orb.
     0 | D:1      | Reached XP level 1. HP: 10/10 MP: 6/6
   100 | D:1      | Reached XP level 2. HP: 15/15 MP: 1/8
   610 | D:1      | Reached XP level 3. HP: 15/19 MP: 6/10
   899 | D:2      | Found a burning altar of Makhleb.
   949 | D:2      | Reached skill level 4 in Spellcasting
  1208 | D:2      | Reached XP level 4. HP: 24/24 MP: 9/12
  1287 | D:2      | Found a faded altar of an unknown god.
  1324 | D:2      | Learned a level 2 spell: Throw Flame
  1328 | D:2      | Learned a level 3 spell: Conjure Flame
  1392 | D:2      | Noticed Jessica
  1396 | D:2      | Killed Jessica
  1421 | D:2      | Learned a level 4 spell: Sticky Flame
  1518 | D:2      | Found a runed translucent door.
  1519 | D:2      | Noticed Crazy Yiuf
  1527 | D:2      | Killed Crazy Yiuf
  1879 | D:3      | Reached XP level 5. HP: 28/28 MP: 9/13
  2921 | D:4      | Found a sand-covered staircase.
  2937 | D:4      | Reached skill level 5 in Fire Magic
  2947 | Ossuary  | Entered an ossuary
  3121 | Ossuary  | Reached XP level 6. HP: 23/32 MP: 5/15
  3221 | Ossuary  | Reached skill level 5 in Spellcasting
  3725 | D:4      | Learned a level 5 spell: Fireball
  3779 | D:4      | Reached XP level 7. HP: 32/36 MP: 2/17
  3966 | D:4      | Reached skill level 6 in Spellcasting
  4126 | D:4      | Found a runed translucent door.
  4126 | D:4      | Noticed Anon1729's ghost (amateur NaMo)
  4447 | D:4      | Found a sacrificial altar of Ru.
  4582 | D:5      | Entered Level 5 of the Dungeon
  4582 | D:5      | Noticed Pikel
  4951 | D:5      | Found a shimmering altar of Xom.
  5184 | D:4      | Killed Pikel
  5184 | D:4      | Reached skill level 7 in Spellcasting
  5184 | D:4      | Reached skill level 5 in Conjurations
  5184 | D:4      | Reached XP level 8. HP: 18/42 MP: 0/21
  5394 | D:5      | Found Nurequumm's Antique Weapon Shop.
  5504 | D:5      | Found a staircase to the Ecumenical Temple.
  5511 | Temple   | Entered the Ecumenical Temple
  6019 | D:6      | Noticed Blork the orc
  6029 | D:6      | Killed Blork the orc
  6029 | D:6      | Reached skill level 8 in Spellcasting
  6660 | D:6      | Reached XP level 9. HP: 40/46 MP: 7/23
  6784 | D:6      | Found a bloodstained altar of Trog.
  6820 | D:6      | Reached skill level 9 in Spellcasting
  6904 | D:6      | Found a sparkling altar of Nemelex Xobeh.
  6905 | D:6      | Found a basalt altar of Yredelemnul.
  7240 | D:7      | Found Gehoa's Armour Shop.
  7252 | D:7      | Bought a +0 hat of magic resistance for 176 gold pieces
  7263 | D:7      | Noticed Harold
  7403 | D:7      | Killed Harold
  7403 | D:7      | Reached skill level 10 in Spellcasting
  7431 | D:6      | HP: 2/46 [killer bee (5)]
  7822 | D:7      | Found an iron altar of Okawaru.
  7865 | D:7      | Found a hide-covered altar of Uskayaw.
  8889 | D:8      | Reached XP level 10. HP: 51/51 MP: 9/26
  8905 | D:8      | Found a flagged portal.
  8935 | Bailey   | Entered a bailey
  9120 | Bailey   | Reached skill level 11 in Spellcasting
  9229 | Bailey   | Reached skill level 1 in Fighting
  9422 | Bailey   | Slain by a gnoll sergeant

Levels and vault maps discovered:
D:1:      erik_arrival_orb_chamber, layout_loops_ring, minmay_pentomino_w2
D:2:      layout_rooms, bloody_makhleb, chequers_ecumenical_altar_island,
          uniq_jessica, uniq_crazy_yiuf_cottage
D:3:      layout_loops_cross
D:4:      layout_loops_ring, nicolae_ru_the_path_less_chosen, serial_bayou,
          serial_bayou_shore_b, serial_bayou_lagoon_a, serial_bayou_pond_d,
          serial_bayou_pond_a, gammafunk_ghost_grave, enter_ossuary_3,
          minmay_misc_feat_doors
D:5:      layout_cave_pools, minmay_temple_entry_hall, serial_shops,
          nicolae_shop_competitors_out_of_business, first_ration,
          xom_teletrap_fun, uniq_pikel
D:6:      layout_rooms, gammafunk_temple_overflow_pools,
          overflow_temple_1_default, uniq_blork_the_orc
D:7:      layout_cave_pods, kennysheep_mini_moat, lemuel_coloured_pillars_altar,
          serial_shops, nicolae_shop_stone, uniq_harold
D:8:      layout_basic, marbit_many_paths, enter_bailey_6
Temple:   minmay_temple_forest_path
Bailey:   bailey_polearm_gnolls_kennysheep, bailey

Skill      XL: |  1  2  3  4  5  6  7  8  9 10 |
---------------+-------------------------------+-----
Fire Magic     | 4 5 6 8 9 |  9.5
Spellcasting   | 4 5 7 8 10 11 | 11.2
Conjurations   | 2 3 4 5 6 8 |  8.7
Stealth        | 3 4 |  4.7
Dodging        | 3 4 |  4.3
Fighting       | 1 |  1.0

Action                   |  1- 3 |  4- 6 |  7- 9 | 10-12 || total
-------------------------+-------+-------+-------+-------++-------
Melee: Dagger            |     1 |       |     2 |    40 ||    43
 Cast: Flame Tongue      |    74 |   139 |   146 |    59 ||   418
       Throw Flame       |       |     1 |    18 |     3 ||    22
       Conjure Flame     |       |     1 |     3 |     4 ||     8
       Sticky Flame      |       |     5 |    29 |     2 ||    36
       Fireball          |       |       |    11 |     5 ||    16
  Use: Scroll            |       |     3 |    20 |       ||    23
       Potion            |       |       |     5 |     3 ||     8
  Eat: Chunk             |    11 |    10 |    21 |     3 ||    45
Armor: Robe              |     2 |    17 |    16 |     3 ||    38
       Skin              |       |       |       |    34 ||    34
Dodge: Dodged            |    20 |    41 |    64 |    18 ||   143

Table legend:
 A = Non-vault XP
 B = Vault XP
 C = Vault XP percentage of total XP
 D = Non-vault monster count
 E = Vault monster count
 F = Vault count percentage of total count
                 A         B        C        D         E       F
            +---------+---------+-------+---------+---------+-------
      Total |    3571 |    2832 |  44.2 |     147 |      51 |  25.8
            +---------+---------+-------+---------+---------+-------
        D:1 |      44 |      15 |  25.4 |      18 |      14 |  43.8
        D:2 |      56 |      76 |  57.6 |      15 |       2 |  11.8
        D:3 |      85 |       0 |   0.0 |      26 |       0 |   0.0
        D:4 |     534 |     669 |  55.6 |      13 |       2 |  13.3
        D:5 |     223 |       0 |   0.0 |      15 |       0 |   0.0
        D:6 |    1296 |      96 |   6.9 |      33 |       1 |   2.9
        D:7 |     967 |     976 |  50.2 |      16 |       1 |   5.9
        D:8 |     366 |       0 |   0.0 |      11 |       0 |   0.0
    Ossuary |       0 |     218 | 100.0 |       0 |      12 | 100.0
     Bailey |       0 |     782 | 100.0 |       0 |      19 | 100.0
            +---------+---------+-------+---------+---------+-------
